 Dungeon Crawl Stone Soup version 0.26-a0-1129-gc5df7fbe6a (webtiles) character file.

Game seed: 12263282672568611219

70 Drevant2 the Cudgeller (level 4, -6/35 HPs)
             Began as a Demonspawn Abyssal Knight on Dec 11, 2020.
             Was a Believer of Lugonu.
             Mangled by a hobgoblin
             ... wielding a +0 club
             ... led by Robin
              (7 damage)
             ... on level 2 of the Dungeon on Dec 18, 2020.
             The game lasted 00:06:00 (2216 turns).

Drevant2 the Cudgeller (Demonspawn Abyssal Knight)  Turns: 2216, Time: 00:06:01

Health: -6/35      AC:  3    Str: 14    XL:     4   Next: 4%
Magic:  5/5        EV: 11    Int: 13    God:    Lugonu [**....]
Gold:   100        SH:  0    Dex: 12    Spells: 3/3 levels left

rFire    + . .     SeeInvis .   a - +1 mace
rCold    . . .     Faith    .   (no shield)
rNeg     . . .     Spirit   .   b - +0 leather armour
rPois    .         Reflect  .   (no helmet)
rElec    .         Harm     .   (no cloak)
rCorr    .         Rampage  .   (no gloves)
Will     .....                  (no boots)
Stlth    +.........             (no amulet)
HPRegen  0.11/turn              (no ring)
MPRegen  0.09/turn              (no ring)

@: mighty, hasted, very quick
A: claws 1, fire resistance 1
a: Renounce Religion, Depart the Abyss, Bend Space


You were on level 2 of the Dungeon.
You worshipped Lugonu.
Lugonu was pleased with you.
You visited 1 branch of the dungeon, and saw 2 of its levels.
You visited the Abyss 1 time.

You collected 100 gold pieces.

Inventory:

Hand Weapons
 a - a +1 mace (weapon)
Missiles
 l - 2 throwing nets
Armour
 b - a +0 leather armour (worn)
Jewellery
 g - an uncursed ring of positive energy
Scrolls
 c - 2 scrolls of identify
 h - a scroll of remove curse {unknown}
 k - a scroll of noise {unknown}
 m - 2 scrolls of immolation {unknown}
 o - a scroll of enchant armour {unknown}
Potions
 d - a potion of haste
 e - 2 potions of might
 f - a potion of attraction {unknown}
 i - 2 potions of brilliance {unknown}
 j - a potion of mutation {unknown}
 n - a potion of lignification {unknown}


   Skills:
 - Level 3.0 Fighting
 * Level 3.4 Maces & Flails
 + Level 2.6 Armour
 - Level 0.8 Dodging
 - Level 2.4 Invocations


You had 3 spell levels left.
You didn't know any spells.
Your spell library was empty.

Dungeon Overview and Level Annotations

Branches:
Dungeon (2/15)

Altars:

Annotations:
D:2 Robin


Innate Abilities, Weirdness & Mutations

You have sharp fingernails.
Your flesh is heat resistant. (rF+)


Message History

The goblin freezes you.
* * * LOW HITPOINT WARNING * * *
As you read the scroll labelled YPPIPS PAUNAS, it crumbles to dust.
It is a scroll of identify.
d - 2 potions of haste The hobgoblin no longer looks unusually strong.
The hobgoblin hits you with a +0 club.
* * * LOW HITPOINT WARNING * * *
The goblin hits you but does no damage.
You feel yourself speed up.
The goblin no longer looks unusually strong.
The goblin closely misses you.
Robin roars a battlecry!
The goblins go into a battle-frenzy!
The hobgoblin barely misses you. The goblin hits you but does no damage.
It was a potion of might.
You feel very mighty all of a sudden. The goblin hits you but does no damage.
Robin throws the goblin at you! The hobgoblin hits you with a +0 club!
You die...

#...####+#...(....##.......#..
##..#........)....##..........
#.............................
####...#............#............
.......##.....##....l............
.......##.....++>................
.......)......##....#.#.#..######
.......####.g.gg.g..#.#.#........
......g..g..#.#.@...#............
.....g.####..gg......)...####.#.#
...g...###....#.#######..###.....
..g....+.'....................#.#
.......###.........##'#.........#
................................#
...........#.............#.......
...........#.............####.#..
...........#.....####....# #<...


You could see Robin, 2 hobgoblins, 3 goblins and a frilled lizard.

Vanquished Creatures
  An adder (D:2)
  2 leopard geckos
  5 bats
  6 giant cockroaches (D:2)
  14 goblins
  7 hobgoblins
  3 jackals (D:1)
  A ball python (D:2)
  2 frilled lizards
  6 kobolds
  5 rats
52 creatures vanquished.

Notes
Turn   | Place    | Note
-------+----------+-------------------------------------------
     0 | Abyss:1  | Drevant2 the Demonspawn Abyssal Knight began the quest for
                  | the Orb.
     0 | Abyss:1  | Reached XP level 1. HP: 18/18 MP: 2/2
    16 | D:1      | Escaped the Abyss
   197 | D:1      | Gained mutation: Your flesh is heat resistant. (rF+)
                  | [demonic ancestry]
   197 | D:1      | Reached XP level 2. HP: 8/24 MP: 3/3
   931 | D:1      | Reached XP level 3. HP: 28/29 MP: 4/4
  1109 | D:1      | Reached ** piety under Lugonu
  1628 | D:2      | Upgraded the game from 0.26-a0-1038-gfb849e850a to
                  | 0.26-a0-1129-gc5df7fbe6a
  2172 | D:2      | Noticed Robin
  2175 | D:2      | Gained mutation: You have sharp fingernails. [demonic
                  | ancestry]
  2175 | D:2      | Reached XP level 4. HP: 35/35 MP: 5/5
  2214 | D:2      | HP: 1/35 [hobgoblin/+0 club[Robin] (2)]
  2216 | D:2      | Mangled by a hobgoblin

Illustrated notes

Levels and vault maps discovered:
D:1:      onia_arrival_mini_spirals, layout_rooms, minmay_misc_feat_x,
          st_stairs_12, minmay_pentomino_x4
D:2:      minmay_roachtagon, layout_basic, uniq_robin, uniq_natasha

Skill      XL: |  1  2  3 |
---------------+----------+-----
Maces & Flails | 2 3 |  3.4
Armour         | 2 |  2.6
Fighting       | |  3.0
Dodging        | |  0.8
Invocations    | |  2.4

Action                   |  1- 3 |  4- 6 || total
-------------------------+-------+-------++-------
Melee: Mace              |   154 |     6 ||   160
  Use: Potion            |       |     2 ||     2
       Scroll            |       |     1 ||     1
 Stab: Sleeping          |     1 |       ||     1
Armor: Leather armour    |    52 |     3 ||    55
Dodge: Dodged            |   114 |    11 ||   125

Table legend: (Time is in decaauts)
 A = Elapsed time spent in this place.
 B = Non-inter-level travel time spent in this place.
 C = Inter-level travel time spent in this place.
 D = Time resting spent in this place.
 E = Time spent auto-exploring this place.
 F = Levels seen in this place.
 G = Mean time per level.
                   A        B        C        D        E       F      G
               +--------+--------+--------+--------+--------+-----+--------+
         Total |   2260 |   2162 |     98 |    749 |    934 |   3 |  753.3 |
       Dungeon |   2244 |   2146 |     98 |    749 |    925 |   2 | 1122.0 |
         Abyss |     16 |     16 |      0 |      0 |      9 |   1 |   16.0 |
               +--------+--------+--------+--------+--------+-----+--------+

Top non-repeatable levels by time:
     D:1: 1612 daAuts
     D:2: 631 daAuts
 Abyss:1: 16 daAuts
